cohdb
Replays
Latest Replays
All Replays
Popular Replays
Top Player Replays
Match Explorer
How It Works
Community
CoH3 Stats
Reddit
Sign in to upload your games and track your stats! →
Sign in with Steam
Match 41622309
Unlisted
Match 41622309
Overview
Messages
Build Orders
End
Royal Engineer Section
Selects Air and Sea Battlegroup
Vickers Machine Gun Team
Construct Section Command Post
Dingo Light Scout Car
Infantry Section
Infantry Section
Construct Platoon Command Post
Selects Supply Surplus
Construct Field Infirmary
Selects Commando Section Paradrop
Humber Armored Car
Construct Field Infirmary
Commando Section Paradrop
Unlock Bishop Self-propelled Artillery
Infantry Training
Jimmy English
C. Troy
PINOCHET
Mo-J
0
0
Comments
sign in to comment!
No comments posted yet!